 Dungeon Crawl Stone Soup version 0.22-a0-185-ge330310 (webtiles) character file.

636 Amnesiac the Digger (level 7, -2/46 HPs)
             Began as a Mummy Earth Elementalist on Feb 15, 2018.
             Slain by a worker ant (8 damage)
             ... on level 4 of the Dungeon.
             The game lasted 00:04:55 (2124 turns).

Amnesiac the Digger (Mummy Earth Elementalist)      Turns: 2124, Time: 00:04:55

Health: -2/46      AC:  2    Str: 11    XL:     7   Next: 25%
Magic:  1/11       EV: 12    Int: 16    God:
Gold:   110        SH:  0    Dex: 13    Spells: 0/12 levels left

rFire    x . .     SeeInvis .   f - +1 short sword (venom)
rCold    + . .     Gourm    .   (no shield)
rNeg     + + +     Faith    .   c - +0 robe
rPois    ∞         Spirit   .   (no helmet)
rElec    .         Reflect  .   (no cloak)
rCorr    .         Harm     .   (no gloves)
MR       .....                  (no boots)
Stlth    ++........             (no amulet)
HPRegen  0.15/turn              (no ring)
MPRegen  0.12/turn              (no ring)

@: very slightly contaminated
A: no food or potions, fire vulnerability, cold resistance 1, negative energy
resistance 3, torment resistance, unbreathing
a: no special abilities


You were on level 4 of the Dungeon.
You were not hungry.

You visited 1 branch of the dungeon, and saw 5 of its levels.

You collected 110 gold pieces.

Inventory:

Hand Weapons
 f - a +1 short sword of venom (weapon)
Missiles
 b - 31 stones (quivered)
Armour
 c - a +0 robe (worn)
Scrolls
 a - 4 scrolls of identify {!r, unknown}
 e - 2 scrolls of fear {!r, unknown}
 g - a scroll of remove curse {!r, unknown}
 h - a scroll of enchant armour {!r, unknown}
 i - a scroll of noise {!r, unknown}
Books
 d - a book of Geomancy

   Spells                             Type                      Level
   a - Sandblast                      Earth                        1
   b - Passwall                       Transmutation/Earth          2
   c - Stone Arrow                    Conjuration/Earth            3
   d - Petrify                        Transmutation/Earth          4
   e - Lee's Rapid Deconstruction     Earth                        5


   Skills:
 - Level 1.5 Dodging
 - Level 1.5 Stealth
 + Level 3.0 Spellcasting
 - Level 0.7 Transmutations
 - Level 7.0 Earth Magic


You couldn't memorise any spells.
You knew the following spells:

 Your Spells              Type           Power        Failure   Level  Hunger
a - Sandblast             Erth           ###...       1%          1    N/A
b - Passwall              Tmut/Erth      ##........   6%          2    N/A
d - Lee's Rapid Deconstr  Erth           ###.......   28%         5    N/A
e - Petrify               Tmut/Erth      ##......     36%         4    N/A

Dungeon Overview and Level Annotations

Branches:
Dungeon (5/15)
 Temple: D:4-7

Altars:
Lugonu

Portals:
Abyss: D:1


Innate Abilities, Weirdness & Mutations

You do not eat or drink.
Your flesh is vulnerable to fire.
You are immune to poison.
Your flesh is cold resistant. (rC+)
You are immune to negative energy. (rN+++)
You are immune to unholy pain and torment.
You can survive without breathing.


Message History

Aim: a worker ant (moderately wounded)
You miscast Sandblast.
Motes of dust swirl before your eyes. The worker ant bites you.
The leopard gecko zombie bites you. The worker ant bites you.
Casting: Sandblast (safe; 1% risk of failure)
Confirm with . or Enter, or press ? or * to list all spells.
Aiming: Sandblast (safe; 1% risk of failure)
Press: ? - help, Shift-Dir - straight line, f/p - worker ant
Aim: a worker ant (moderately wounded)
The blast of sand hits the worker ant.
The worker ant is heavily wounded.
b - 35 stones The leopard gecko zombie barely misses you.
The worker ant bites you.
* * * LOW HITPOINT WARNING * * *
Casting: Sandblast (safe; 1% risk of failure)
Confirm with . or Enter, or press ? or * to list all spells.
Aiming: Sandblast (safe; 1% risk of failure)
Press: ? - help, Shift-Dir - straight line, f - leopard gecko zombie
Aim: a leopard gecko zombie The blast of sand hits the leopard gecko zombie.
You destroy the leopard gecko zombie!
b - 34 stones
Casting: Sandblast (safe; 1% risk of failure)
Confirm with . or Enter, or press ? or * to list all spells.
Aiming: Sandblast (safe; 1% risk of failure)
Press: ? - help, Shift-Dir - straight line, f - centaur zombie
Aim: a centaur zombie The blast of sand hits the centaur zombie.
The centaur zombie is heavily damaged.
b - 33 stones The centaur zombie hits you but does no damage.
The centaur zombie closely misses you.
Casting: Sandblast (safe; 1% risk of failure)
Confirm with . or Enter, or press ? or * to list all spells.
Aiming: Sandblast (safe; 1% risk of failure)
Press: ? - help, Shift-Dir - straight line, f/p - centaur zombie
Aim: a centaur zombie (heavily damaged)
The blast of sand hits the centaur zombie.
The centaur zombie is almost destroyed.
b - 32 stones The centaur zombie hits you.
* * * LOW HITPOINT WARNING * * *
Casting: Sandblast (safe; 1% risk of failure)
Confirm with . or Enter, or press ? or * to list all spells.
Aiming: Sandblast (safe; 1% risk of failure)
Press: ? - help, Shift-Dir - straight line, f/p - centaur zombie
Aim: a centaur zombie (almost destroyed)
The blast of sand hits the centaur zombie.
You destroy the centaur zombie!
Training target 7.0 for Earth Magic reached!
Your Earth Magic skill increases to level 7!
You need to enable at least one skill for training.
b - 31 stones The worker ant bites you.
* * * LOW HITPOINT WARNING * * *
You barely miss the worker ant.
The worker ant is moderately wounded.
The worker ant bites you.
* * * LOW HITPOINT WARNING * * *
You barely miss the worker ant.
The worker ant is moderately wounded.
The worker ant bites you!
You die...

.....#######
...........##
P...........#
..P........<..# ..
...........# ### .
........##.# #.#.#
#..Z..a#
##.#.##########.###.#
..........>...!.@a..#
...####.....#.#######
##....#.....#.#
.#....+!....#.#
#.....#.....#.#
.#.#.#.#+#'##.#
#.#.#.#.#.#...#
.#.#.#...(.####
#.#.#.#...#.#


You could see a worker ant.

Vanquished Creatures
  Sigmund (D:4)
  A phantom (D:4)
  A water moccasin zombie (D:4)
  A scorpion (D:4)
  2 bullfrog zombies (D:4)
  2 centaur zombies (D:4)
  2 worker ants (D:4)
  A hound skeleton (D:4)
  3 hound zombies (D:4)
  A gnoll (D:1)
  3 adder zombies (D:4)
  2 adder skeletons (D:4)
  A dart slug (D:1)
  An orc (D:4)
  A ball python (D:1)
  A giant cockroach (D:1)
  3 goblins (D:1)
  5 hobgoblins
  2 kobolds (D:1)
  A quokka (D:2)
  2 bats
  A giant cockroach zombie (D:4)
  A leopard gecko skeleton (D:4)
  3 leopard gecko zombies (D:4)
  A rat (D:2)
43 creatures vanquished.

Notes
Turn   | Place    | Note
-------+----------+-------------------------------------------
     0 | D:1      | Amnesiac the Mummy Earth Elementalist began the quest for the Orb.
     0 | D:1      | Reached XP level 1. HP: 13/13 MP: 4/4
   207 | D:1      | Reached skill level 3 in Earth Magic
   207 | D:1      | Reached XP level 2. HP: 19/19 MP: 1/6
   258 | D:1      | Found a one-way gate to the infinite horrors of the Abyss.
   258 | D:1      | Found a corrupted altar of Lugonu.
   267 | D:1      | Noticed a demonic crawler
   799 | D:2      | Reached XP level 3. HP: 20/24 MP: 7/7
   803 | D:2      | Learned a level 2 spell: Passwall
  1045 | D:5      | Entered Level 5 of the Dungeon
  1083 | D:4      | Reached skill level 4 in Earth Magic
  1083 | D:4      | Reached XP level 4. HP: 16/30 MP: 8/8
  1172 | D:4      | Noticed a phantom
  1197 | D:4      | Killed a phantom
  1197 | D:4      | Reached XP level 5. HP: 30/35 MP: 0/9
  1288 | D:4      | Noticed Sigmund
  1301 | D:4      | Reached skill level 5 in Earth Magic
  1418 | D:4      | Killed Sigmund
  1418 | D:4      | Reached skill level 6 in Earth Magic
  1418 | D:4      | Reached XP level 6. HP: 28/41 MP: 4/10
  1836 | D:4      | Reached XP level 7. HP: 42/46 MP: 4/11
  1908 | D:4      | Learned a level 4 spell: Petrify
  1914 | D:4      | Learned a level 5 spell: Lee's Rapid Deconstruction
  2121 | D:4      | Reached skill level 7 in Earth Magic
  2124 | D:4      | Slain by a worker ant

Vault maps used:
D:1:      erik_arrival_cave_to_civilisation
D:3:      nicolae_overflow_crystal_walls, serial_bayou_crossing
D:4:      serial_undead, serial_undead_a, serial_undead_c, serial_undead_b,
          serial_undead_a, serial_undead_e, serial_undead_b, serial_undead_d,
          serial_undead_e, serial_undead_b, serial_undead_b, first_ration,
          uniq_sigmund
D:5:      led_sif_pool, uniq_eustachio, uniq_grinder

Skill      XL: |  1  2  3  4  5  6  7 |
---------------+----------------------+-----
Spellcasting   | 3 |  3.0
Earth Magic    | 3 4 6 7 |  7.0
Dodging        | |  1.5
Stealth        | |  1.5
Transmutations | |  0.7

Action                   |  1- 3 |  4- 6 |  7- 9 || total
-------------------------+-------+-------+-------++-------
Melee: Halberd           |    15 |       |       ||    15
       Whip              |    13 |       |       ||    13
       Short sword       |    18 |    23 |     2 ||    43
 Cast: Sandblast         |    14 |    35 |    24 ||    73
 Stab: Sleeping          |     5 |     2 |       ||     7
Armor: Robe              |     8 |     7 |     2 ||    17
Dodge: Dodged            |    39 |    31 |    16 ||    86

Table legend:
 A = Spawn XP
 B = Non-spawn XP
 C = Spawn XP percentage of total XP
 D = Spawn monster count
 E = Non-spawn monster count
 F = Spawn count percentage of total count
 G = Total turns spent on level
                    A         B        C        D         E        F      G
               +---------+---------+-------+---------+---------+-------+---------
         Total |       0 |     909 |   0.0 |       0 |      43 |   0.0 |  2124
               +---------+---------+-------+---------+---------+-------+---------
           D:1 |       0 |      39 |   0.0 |       0 |      13 |   0.0 |   791
           D:2 |       0 |       7 |   0.0 |       0 |       4 |   0.0 |   115
           D:3 |       0 |       2 |   0.0 |       0 |       1 |   0.0 |     6
           D:4 |       0 |     861 |   0.0 |       0 |      25 |   0.0 |  1193
               +---------+---------+-------+---------+---------+-------+---------
